 Dungeon Crawl Stone Soup version 0.24.0-37-gcf1ca852f1 (webtiles) character file.

Game seed: 18053689954138591633, levelgen mode: deterministic

27078 axujen the Severer (level 13, -22/116 HPs)
             Began as a Hill Orc Monk on Nov 30, 2019.
             Was the Champion of Beogh.
             Engulfed by a frost giant's freezing vapour (26 damage)
             ... in an ice cave.
             The game lasted 01:10:51 (21159 turns).

axujen the Severer (Hill Orc Monk)                 Turns: 21159, Time: 01:10:52

Health: -22/116    AC: 22    Str: 18    XL:     13   Next: 30%
Magic:  9/9        EV:  9    Int: 10    God:    Beogh [******]
Gold:   978        SH:  0    Dex: 14    Spells: 12/12 levels left

rFire    + . .     SeeInvis .   o - +0 broad axe
rCold    . . .     Gourm    .   (no shield)
rNeg     + . .     Faith    +   a - +1 plate armour {rF+}
rPois    +         Spirit   .   k - +0 helmet
rElec    .         Reflect  .   (no cloak)
rCorr    .         Harm     .   e - +0 pair of gloves
MR       .....                  I - +0 pair of boots
Stlth    ..........             g - amulet of faith
HPRegen  0.29/turn              d - ring of positive energy
MPRegen  0.11/turn              C - ring of poison resistance

@: berserk cooldown, very slightly contaminated, slowed, very slow
A: walk on water, low mp 3, sturdy frame 1
a: Smiting, Recall Orcish Followers, Give Item to Named Follower, Resurrection,
Renounce Religion


You were in an ice cave.
You worshipped Beogh.
Beogh was exalted by your worship.
You were not hungry.

You visited 2 branches of the dungeon, and saw 16 of its levels.
You also visited: Sewer and Ice Cave.

You collected 978 gold pieces.

Inventory:

Hand Weapons
 n - a +3 demon trident of draining
 o - a +0 broad axe (weapon)
 s - a +2 whip of distortion
 w - a +3 antimagic hand axe
Armour
 a - a +1 plate armour of fire resistance (worn)
 e - a +0 pair of gloves (worn)
 k - a +0 helmet (worn)
 I - a +0 pair of boots (worn)
Jewellery
 d - a ring of positive energy (left hand)
 g - an amulet of faith (around neck)
 r - an uncursed amulet of regeneration
 u - an uncursed ring of resist corrosion
 C - a ring of poison resistance (right hand)
 E - an uncursed ring of magical power
 F - the amulet of the Air {Inacc +Fly rElec EV+5 RMsl}
   (You found it on level 10 of the Dungeon)

   [amulet of inaccuracy]

   It reduces the accuracy of all your attacks.
   It affects your evasion (+5).
   It insulates you from electricity.
   It lets you fly.
   It protects you from missiles.
Wands
 b - a wand of paralysis (19)
 m - a wand of random effects (27)
 v - a wand of polymorph (12)
 B - a wand of flame (33)
Scrolls
 f - a scroll of amnesia
 l - 2 scrolls of remove curse
 p - 4 scrolls of fog
 q - 2 scrolls of teleportation
 x - a scroll of identify
 y - a scroll of magic mapping
 K - a scroll of enchant weapon
Potions
 h - 2 potions of cancellation
 i - 2 potions of brilliance
 j - 3 potions of haste
 z - 3 potions of flight
 A - 2 potions of ambrosia
 D - a potion of might
 G - a potion of heal wounds
Comestibles
 c - 29 rations


   Skills:
 - Level 11.4 Fighting
 - Level 18.5 Axes
 + Level 14.9 Armour
 - Level 2.4 Dodging
 - Level 1.5 Stealth


You had 12 spell levels left.
You didn't know any spells.
Your spell library contained the following spells:

 Spells                   Type           Power        Failure   Level  Hunger
 Magic Dart               Conj           #...         97%         1    ##.....
 Sting                    Conj/Pois      #...         97%         1    ##.....
 Blink                    Tloc           N/A          99%         2    ###....
 Call Imp                 Summ           #.......     99%         2    ###....
 Poisonous Vapours        Pois/Air       #.....       99%         2    ###....
 Slow                     Hex            #.......     99%         2    ###....
 Conjure Flame            Conj/Fire      #.......     100%        3    ####...
 Mephitic Cloud           Conj/Pois/Air  #.......     100%        3    ####...
 Olgreb's Toxic Radiance  Pois           #.......     100%        4    #####..
 Venom Bolt               Conj/Pois      #.........   100%        5    ######.


Dungeon Overview and Level Annotations

Branches:
Dungeon (12/15)            Temple (0/1) D:6            Lair (6/6) D:11
  Snake (0/4) Lair:2          Orc (0/2) D:9           Sewer (visited)
  IceCv (1/1)
  Swamp: Lair:2-4    Shoals: Lair:2-4     Slime: Lair:5-6

Altars:
Cheibriados
Dithmenos
Gozag
Nemelex Xobeh
Qazlal
Trog
Uskayaw
Wu Jian
Xom
Yredelemnul
The Shining One
Beogh

Shops:
D:4 [(*

Annotations:
D:2 1 runed translucent door, Crazy Yiuf
D:11 3 runed translucent doors, exclusion: 3 doors, Detremav's ghost, journeyman GrFi; EriolAelfwine's ghost, novice DDFi; Tocydero's ghost, journeyman CeHu; Yphutt's ghost, journeyman GnSk; bande's ghost, journeyman GrFi IceCv exclusion: ice statue


Innate Abilities, Weirdness & Mutations

You can walk on water.
Your magical capacity is extremely low. (-30% MP)
Your movements are slightly less encumbered by armour. (ER -2)


Message History

The polar bear misses you.
The polar bear claws you but does no damage. x2
You slash the polar bear!
You kill the polar bear!
Beogh accepts your kill.
You start resting.
The frost giant is too close now for your liking.
You are too injured to fight recklessly!
You hit the frost giant but do no damage.
The frost giant is almost dead.
The frost giant hits you with a +1 battleaxe of freezing!
The frost giant freezes you.
You completely miss the frost giant.
The frost giant is almost dead.
The frost giant points at you and mumbles some strange words.
The bolt of cold hits you!!!
* * * LOW HITPOINT WARNING * * *
Okay, then.
You fail to use your ability.
You are engulfed in freezing vapours.
You die...

# ##. ######Y# ##########
#######...#)Y. #≈≈≈≈≈≈≈≈##
☼○#...##.YY##
##≈≈≈≈#≈≈≈####### #≈o####.####
##≈#####≈≈≈#≈@.#####..##≈≈≈≈≈≈
### ##≈≈≈≈#C..##..##≈≈≈≈≈≈≈
####≈≈#≈≈≈##..§###≈≈≈≈≈≈≈#
##.≈≈####≈≈≈#####≈≈≈≈≈≈#### #
#..###≈≈≈≈≈#≈§#≈≈≈###### ###
##..###≈≈≈≈°°°°≈≈## ..###
##..####≈≈≈≈≈≈≈≈### #...##
#.o### ##≈≈#≈#≈≈≈≈## ##...#
##...## ##≈≈≈≈≈#≈≈≈#


You could see a frost giant.

Vanquished Creatures
  A hydra (Lair:1)
  A two-headed ogre (D:10)
  3 death yaks (Lair:2)
  An elephant (Lair:3)
  Joseph (D:8)
  2 black mambas
  A spiny frog (Lair:1)
  A rime drake (IceCv)
  A troll (D:10)
  10 polar bears (IceCv)
  2 blink frogs (Lair:2)
  A hippogriff (D:8)
  A wraith (D:11)
  20 yaks
  4 vampire mosquitoes (D:8)
  6 water moccasins
  2 porcupines (Lair:1)
  3 slaves (D:7)
  3 eyes of draining
  An orc warrior (D:9)
  3 ice beasts
  2 phantoms
  A sky beast (D:6)
  A necrophage (Lair:3)
  9 ogres
  17 wolves
  4 centaurs
  4 crocodiles
  2 big kobolds (D:8)
  10 bullfrogs
  2 scorpions
  11 killer bees
  2 howler monkeys
  A crimson imp (D:11)
  A bullfrog zombie (D:8)
  A jelly (D:8)
  3 hounds
  2 quasits
  An orc priest (D:7)
  A bullfrog skeleton (D:11)
  An orc wizard (D:7)
  6 iguanas
  Natasha (thrice) (D:2)
  3 worker ants
  A hound skeleton (D:6)
  Robin (D:2)
  7 gnolls
  17 adders
  A river rat (D:4)
  A shadow imp (D:5)
  An adder zombie (D:3)
  An ooze (D:1)
  A worm (D:3)
  3 dart slugs
  2 leopard geckos
  13 orcs
  4 ball pythons
  5 bats
  16 giant cockroaches
  6 hobgoblins
  8 jackals
  2 quokkas
  9 frilled lizards
  14 goblins
  18 kobolds
  A leopard gecko zombie (D:5)
  A quokka skeleton (D:6)
  2 rats
  2 fungi
293 creatures vanquished.

Vanquished Creatures (collateral kills)
  Erolcha (D:10)
  A hydra (D:11)
  A two-headed ogre (D:10)
  A death yak (Lair:2)
  Urug (D:10)
  Sonja (Lair:1)
  Pikel (D:7)
  4 elephants (Lair:3)
  2 black mambas
  Psyche (D:8)
  A spiny frog (Lair:2)
  2 hippogriffs
  5 blink frogs (Lair:2)
  A meliai zombie (D:9)
  A wraith (D:11)
  2 shadows (D:11)
  10 yaks
  A basilisk (Lair:2)
  A wyvern (Lair:2)
  2 hungry ghosts
  3 wargs (D:11)
  An acid dragon (D:9)
  A slave (D:7)
  3 water moccasins
  3 porcupines
  An ice beast (D:11)
  2 orc warriors (D:9)
  A phantom (D:8)
  2 ogres (D:11)
  3 crocodiles
  4 necrophages (Lair:3)
  3 wolves (Lair:3)
  A centaur (D:11)
  3 bullfrogs
  A wyvern zombie (D:11)
  A scorpion (D:9)
  4 killer bees
  6 wights
  2 crimson imps
  A jelly (D:9)
  A centaur skeleton (D:8)
  A hound (D:11)
  An orc priest (D:7)
  A bullfrog skeleton (D:11)
  2 orc wizards
  2 iguanas
  A worker ant (D:8)
  A worker ant zombie (D:11)
  An adder (Lair:2)
  4 orcs (D:9)
  A jackal (D:9)
  A kobold (D:8)
  A quokka skeleton (D:9)
  A fungus (Lair:6)
  5 plants
110 creatures vanquished.

Vanquished Creatures (others)
  An orc high priest (Lair:2)
  2 orc warriors
  An orc priest (IceCv)
  3 orc wizards
  17 orcs
24 creatures vanquished.

Grand Total: 427 creatures vanquished

Notes
Turn   | Place    | Note
-------+----------+-------------------------------------------
     0 | D:1      | axujen the Hill Orc Monk began the quest for the Orb.
     0 | D:1      | Reached XP level 1. HP: 19/19 MP: 1/1
   147 | D:1      | Reached XP level 2. HP: 5/26 MP: 2/2
   596 | D:1      | Reached skill level 5 in Axes
   903 | D:1      | Reached XP level 3. HP: 29/31 MP: 3/3
  1153 | D:2      | Noticed Natasha
  1163 | D:2      | Killed Natasha
  1163 | D:2      | Reached skill level 6 in Axes
  1512 | D:2      | Reached XP level 4. HP: 27/39 MP: 4/4
  1853 | D:2      | Found a runed translucent door.
  1854 | D:2      | Noticed Crazy Yiuf
  1904 | D:2      | Noticed Robin
  1921 | D:2      | Killed Robin
  2150 | D:2      | Reached skill level 7 in Axes
  2172 | D:2      | Noticed Natasha
  2191 | D:2      | Killed Natasha
  2191 | D:2      | Reached XP level 5. HP: 17/45 MP: 5/5
  2676 | D:2      | Noticed Natasha
  2693 | D:2      | Killed Natasha
  3626 | D:3      | Reached skill level 8 in Axes
  3946 | D:4      | Noticed a centaur
  3961 | D:4      | Killed a centaur
  3961 | D:4      | Reached XP level 6. HP: 22/51 MP: 6/6
  4285 | D:4      | Found Ririujen's Armour Shop.
  4297 | D:3      | Reached skill level 9 in Axes
  4811 | D:4      | Found Futuon's General Store.
  4900 | D:4      | Found Naytremo's Weapon Boutique.
  5155 | D:5      | Entered Level 5 of the Dungeon
  5160 | D:5      | Reached skill level 10 in Axes
  5160 | D:5      | Reached XP level 7. HP: 39/57 MP: 7/7
  5407 | D:5      | Became a worshipper of Beogh the Brigand
  5407 | D:5      | Reached * piety under Beogh
  5407 | D:5      | Reached ** piety under Beogh
  5861 | D:5      | Reached skill level 11 in Axes
  6012 | D:5      | Found a stormy altar of Qazlal.
  6014 | D:5      | Found a hide-covered altar of Uskayaw.
  6019 | D:5      | Found a basalt altar of Yredelemnul.
  6050 | D:5      | Found a bloodstained altar of Trog.
  6353 | D:6      | Reached XP level 8. HP: 31/64 MP: 8/8
  6452 | D:6      | Reached skill level 12 in Axes
  6498 | D:6      | Found a glowing drain.
  6510 | Sewer    | Entered a sewer
  6677 | Sewer    | Reached skill level 18 in Axes
  6677 | Sewer    | Reached XP level 9. HP: 22/70 MP: 9/9
  6679 | Sewer    | Gained mutation: Your magical capacity is low. (-10% MP)
                  | [potion of mutation]
  6679 | Sewer    | Gained mutation: You are weak. (Str -2) [potion of
                  | mutation]
  6679 | Sewer    | Gained mutation: Your magical capacity is very low. (-20%
                  | MP) [potion of mutation]
  6679 | Sewer    | Gained mutation: You have a pair of small horns on your
                  | head. [potion of mutation]
  7140 | D:6      | Found a staircase to the Ecumenical Temple.
  7842 | D:7      | Reached skill level 5 in Fighting
  8697 | D:7      | Reached *** piety under Beogh
  8998 | D:7      | Got an ichor-stained plate armour
  9133 | D:6      | Identified the cursed +0 plate armour "Osedghop" {*Drain
                  | Regen+ rCorr Int-4} (You found it on level 7 of the
                  | Dungeon)
  9227 | D:7      | Reached XP level 10. HP: 32/88 MP: 8/8
  9645 | D:7      | Noticed Pikel
  9649 | D:7      | Killed Pikel
  9857 | D:7      | Found an ornate altar of the Wu Jian Council.
 10170 | D:8      | Reached **** piety under Beogh
 10293 | D:8      | Noticed Joseph
 10311 | D:8      | Gained Norbak as an ally
 10329 | D:8      | Killed Joseph
 10329 | D:8      | Reached skill level 10 in Fighting
 10542 | D:8      | Found a shadowy altar of Dithmenos.
 10778 | D:8      | Noticed Psyche
 10788 | D:8      | Killed Psyche
 11617 | D:8      | Reached ***** piety under Beogh
 11933 | D:9      | Reached XP level 11. HP: 67/102 MP: 1/8
 11991 | D:9      | Reached skill level 1 in Armour
 12235 | D:9      | Lost mutation: You have a pair of small horns on your head.
                  | [potion of mutation]
 12235 | D:9      | Lost mutation: You are weak. (Str -2) [potion of mutation]
 12235 | D:9      | Gained mutation: Your magical capacity is extremely low.
                  | (-30% MP) [potion of mutation]
 12235 | D:9      | Gained mutation: Your movements are slightly less
                  | encumbered by armour. (ER -2) [potion of mutation]
 12303 | D:9      | Found an opulent altar of Gozag.
 12777 | D:9      | Found a shadowy altar of Dithmenos.
 12798 | D:9      | Found a roughly hewn altar of Beogh.
 12798 | D:9      | Found a staircase to the Orcish Mines.
 13082 | D:9      | Found a sparkling altar of Nemelex Xobeh.
 13144 | D:9      | Found a glowing golden altar of the Shining One.
 13456 | D:10     | Entered Level 10 of the Dungeon
 13472 | D:10     | Found a shimmering altar of Xom.
 13514 | D:10     | Noticed a two-headed ogre
 13526 | D:10     | Killed a two-headed ogre
 13732 | D:10     | Noticed a two-headed ogre
 13740 | D:10     | Killed a two-headed ogre
 13740 | D:10     | Reached skill level 5 in Armour
 13964 | D:10     | Found the amulet of the Air {Inacc +Fly rElec EV+5 RMsl}
 14220 | D:10     | Noticed Urug
 14241 | D:10     | Killed Urug
 14614 | D:10     | Noticed Erolcha
 14630 | D:10     | Killed Erolcha
 15070 | D:11     | Noticed a seven-headed hydra
 15085 | D:11     | Killed a seven-headed hydra
 15440 | D:11     | Found a staircase to the Lair.
 15484 | D:11     | Found a runed translucent gate.
 15484 | D:11     | Noticed EriolAelfwine's ghost (novice DDFi)
 15484 | D:11     | Noticed Yphutt's ghost (journeyman GnSk)
 15485 | D:11     | Found a runed translucent gate.
 15485 | D:11     | Found a runed translucent gate.
 15485 | D:11     | Noticed Tocydero's ghost (journeyman CeHu)
 15485 | D:11     | Noticed Detremav's ghost (journeyman GrFi)
 15485 | D:11     | Noticed bande's ghost (journeyman GrFi)
 16188 | D:12     | Noticed a two-headed ogre
 16208 | Lair:1   | Entered Level 1 of the Lair of Beasts
 16290 | Lair:1   | Noticed a seven-headed hydra
 16297 | Lair:1   | Killed a seven-headed hydra
 16380 | Lair:1   | Noticed Sonja
 16386 | Lair:1   | Killed Sonja
 16386 | Lair:1   | Reached XP level 12. HP: 93/110 MP: 8/8
 16607 | Lair:1   | Reached skill level 10 in Armour
 17540 | Lair:2   | Found a staircase to the Snake Pit.
 17552 | Lair:2   | Reached ****** piety under Beogh
 17828 | Lair:2   | Found a snail-covered altar of Cheibriados.
 17945 | Lair:2   | Gained Morguth as an ally
 17969 | Lair:2   | Noticed a death yak
 17969 | Lair:2   | Noticed a death yak
 17970 | Lair:2   | Noticed a death yak
 17974 | Lair:2   | Noticed a death yak
 17980 | Lair:2   | Killed a death yak
 17989 | Lair:2   | Your ally Morguth died
 17991 | Lair:2   | Killed a death yak
 17995 | Lair:2   | Killed a death yak
 18002 | Lair:2   | Killed a death yak
 18942 | Lair:3   | Gained Wargath as an ally
 19311 | Lair:3   | Gained Arbeogh as an ally
 19448 | Lair:3   | You fall into a shaft and drop 3 floors!
 19448 | Lair:6   | Entered Level 6 of the Lair of Beasts
 19591 | Lair:6   | Found a frozen archway.
 19604 | IceCv    | Entered an ice cave
 19648 | IceCv    | Reached XP level 13. HP: 92/116 MP: 9/9
 20839 | IceCv    | Gained Bladwarg as an ally
 21097 | IceCv    | Your ally Bladwarg died
 21098 | IceCv    | Noticed a frost giant
 21158 | IceCv    | HP: 4/116 [frost giant/bolt of cold (41)]
 21159 | IceCv    | Engulfed by a frost giant's freezing vapour

Levels and vault maps discovered:
D:1:      ncdulo_smallfort, layout_loops_cross
D:2:      layout_basic, first_ration, feat_on_display, uniq_robin,
          uniq_crazy_yiuf_cottage, uniq_natasha
D:3:      minmay_roachtagon, layout_loops_ring
D:4:      layout_cave_pools, serial_shops, shop, nicolae_shop_behind_doors, shop
D:5:      layout_loops_corners, trog_eyes_of_draining, minitemple
D:6:      layout_loops_corners, minmay_temple_entry_trees, portal_sewer_entry_d
D:7:      minmay_recursive_quarters, layout_cave_pools, kennysheep_little_box,
          uniq_pikel
D:8:      layout_basic, blue_anna_alchemist [blue_anna_fruit_fields,
          blue_anna_fruit_fields], grunt_dithmenos_smoke_and_mirrors,
          uniq_psyche, uniq_joseph
D:9:      layout_cross, lemuel_coloured_pillars_altar, kennysheep_mini,
          nicolae_overflow_crystal_walls, david_orc_5, basic_altar
D:10:     layout_roguey, basic_altar, uniq_erolcha, uniq_urug
D:11:     layout_irregular_city, erik_lair_orcish_takeover,
          gammafunk_ghost_cemetery
D:12:     layout_gridville, serial_shops, shop, uniq_snorg
Lair:1:   layout_chaotic_city, pond, uniq_sonja
Lair:2:   layout_regular_city, minmay_snake_entry_six_corridors, basic_altar,
          grunt_megastairs_4
Lair:3:   layout_big_grid, roderic_carrion_pond, uniq_prince_ribbit2
Lair:6:   cheibrodos_lair_end_hotspot, layout_regular_city,
          portal_ice_cave_entry_pillars_1
IceCv:    ice_cave_caverns_03

Skill      XL: |  1  2  3  4  5  6  7  8  9 10 11 12 13 |
---------------+----------------------------------------+-----
Axes           | 5 6 7 8 10 11 18 | 18.5
Fighting       | 8 11 | 11.4
Armour         | 9 13 14 | 14.9
Dodging        | |  2.4
Stealth        | |  1.5

Action                   |  1- 3 |  4- 6 |  7- 9 | 10-12 | 13-15 || total
-------------------------+-------+-------+-------+-------+-------++-------
Melee: Hand axe          |    95 |   145 |       |       |       ||   240
       War axe           |       |    78 |   182 |       |       ||   260
       Short sword       |       |     8 |       |       |       ||     8
       Broad axe         |       |       |    93 |   494 |   192 ||   779
       Headbutt          |       |       |    19 |    31 |       ||    50
       Demon trident     |       |       |       |     3 |       ||     3
Invok: Convert to Beogh  |       |       |     1 |       |       ||     1
       Give Item to Name |       |       |       |     3 |       ||     3
       Recall Orcish Fol |       |       |       |     2 |       ||     2
       Resurrection      |       |       |       |     1 |       ||     1
Evoke: Wand              |       |       |     2 |     6 |     3 ||    11
  Use: Scroll            |       |     4 |     7 |    15 |     2 ||    28
       Potion            |       |     1 |    11 |     2 |     1 ||    15
 Stab: Sleeping          |     4 |     1 |       |       |       ||     5
       Invisible         |       |       |     2 |       |       ||     2
       Distracted        |       |       |       |     8 |       ||     8
       Paralysed         |       |       |       |     3 |       ||     3
  Eat: Chunk             |     2 |    11 |    10 |    21 |     5 ||    49
       Ration            |       |       |     1 |     4 |       ||     5
Armor: Robe              |    14 |       |       |       |       ||    14
       Ring mail         |       |    64 |    11 |       |       ||    75
       Chain mail        |       |       |    66 |    45 |       ||   111
       Plate armour      |       |       |       |   199 |   124 ||   323
Dodge: Dodged            |    62 |    96 |    59 |   171 |    58 ||   446
